 Dungeon Crawl Stone Soup version 0.31.0-12-g77e489cdc1 (webtiles) character file.

Game seed: 6598344604849573197

823 sheepcloth the Cutter (level 7, -7/50 HPs)
             Began as a Demonspawn Wanderer on Feb 14, 2024.
             Was an Initiate of Okawaru.
             Mangled by an orc warrior
             ... wielding a +0 dire flail
              (10 damage)
             ... on level 6 of the Dungeon.
             The game lasted 00:28:30 (4914 turns).

sheepcloth the Cutter (Demonspawn Wanderer)         Turns: 4914, Time: 00:28:31

Health: -7/50      AC:  9    Str:  9    XL:     7   Next: 64%
Magic:  0/8        EV: 11    Int: 12    God:    Okawaru [......]
Gold:   86         SH:  0    Dex: 20    Spells: 5/8 levels left

rFire   . . .        q - +4 rapier (vamp)
rCold   . . .        (no shield)
rNeg    . . .        k - +0 leather armour {rPois}
rPois   +            (helmet restricted)
rElec   .            b - +0 cloak
rCorr   .            (no gloves)
SInv    +            (no boots)
Will    .....        f - amulet of guardian spirit
Stlth   ++++         h - +4 ring of protection
HPRegen 0.28/turn    (no ring)
MPRegen 0.11/turn

%: guardian spirit
@: about to teleport
A: antennae 1, thin skeletal structure 1, powered by pain 1, demonic magic 1,
see invisible, shaggy fur 1, MP-powered wands
a: Renounce Religion


You were on level 6 of the Dungeon.
You worshipped Okawaru.
Okawaru was noncommittal.
You visited 2 branches of the dungeon, and saw 7 of its levels.

You collected 318 gold pieces.
You spent 232 gold pieces at shops.

Inventory:

Hand Weapons
 a - a +1 dagger
 j - a +2 hand axe of flaming
 n - a +2 dagger of venom
 q - a +4 vampiric rapier (weapon)
Armour
 b - a +0 cloak (worn)
 d - a +0 robe
 k - a +0 leather armour of poison resistance (worn)
Magical Staves
 m - a staff of alchemy
Jewellery
 f - an amulet of guardian spirit (around neck)
 h - a +4 ring of protection (left hand)
Wands
 g - a wand of polymorph (9)
 l - a wand of quicksilver (8)
 s - a wand of flame (26)
Scrolls
 o - a scroll of revelation {unknown}
 p - 2 scrolls of enchant weapon
 r - a scroll of identify
Potions
 c - a potion of haste
 e - a potion of magic


   Skills:
 - Level 2.0 Fighting
 + Level 7.8 Short Blades
 - Level 1.0 Dodging
 - Level 3.6 Stealth
 - Level 1.0 Spellcasting
 - Level 2.0 Summonings


You had 5 spell levels left.
You knew the following spells:

 Your Spells              Type           Power      Damage    Failure   Level
a - Summon Small Mammal   Summ           20%        N/A       19%         1
b - Call Imp              Summ           10%        N/A       28%         2

Your spell library contained the following spells:

 Spells                   Type           Power      Damage    Failure   Level
 Dazzling Flash           Conj/Hex       0%         N/A       77%         3
 Mephitic Cloud           Conj/Alch/Air  0%         N/A       77%         3
 Brom's Barrelling Bould  Conj/Erth      0%         2d3       99%         4
 Curse of Agony           Necr           0%         N/A       100%        5
 Fireball                 Conj/Fire      0%         3d3       100%        5
 Iskenderun's Battlesphe  Conj           0%         2d6       100%        5
 Silence                  Hex/Air        0%         N/A       100%        5
 Conjure Ball Lightning   Conj/Air       0%         3x3d6     100%        6
 Orb of Destruction       Conj           0%         9d5       100%        7
 Summon Lightning Spire   Summ/Air       Unusable   N/A       N/A         4

Dungeon Overview and Level Annotations

Branches:
Dungeon (6/15)             Temple (1/1) D:5

Altars:
Ashenzari
Cheibriados
Fedhas
Hepliaklqana
Kikubaaqudgha
Nemelex Xobeh
Okawaru
Ru
Sif Muna

Shops:
D:3 (   D:4 *


Innate Abilities, Weirdness & Mutations

You have a pair of small antennae on your head.
You have a somewhat thin skeletal structure. (Dex +2, Stealth+)
You sometimes gain a little power by taking damage.
Spells you cast may paralyse adjacent enemies.
You have supernaturally acute eyesight. (SInv)
You are covered in fur. (AC +1)
You expend magic power (3 MP) to strengthen your wands.


Message History

The orc wizard hits you but does no damage.
The orc warrior hits you with a +0 dire flail!
The orc misses you.
You puncture the orc wizard!
You feel better.
The orc wizard is heavily wounded.
You closely miss the orc wizard.
The orc wizard is heavily wounded.
The orc wizard barely misses you. The orc barely misses you.
The orc warrior barely misses you.
You closely miss the orc wizard.
The orc wizard is heavily wounded.
The orc wizard hits you but does no damage.
The orc misses you.
The orc warrior hits you with a +0 dire flail.
You puncture the orc wizard!
You feel better.
You kill the orc wizard!
Okawaru accepts your kill.
The orc warrior hits you with a +0 dire flail!
The orc hits you with a +0 flail.
Okay, then.
Okay, then.
Magic courses through your body. The orc hits you but does no damage.
The orc warrior hits you with a +0 dire flail!
* * * LOW HITPOINT WARNING * * *
The orc warrior hits you with a +0 dire flail.
* * * LOW HITPOINT WARNING * * *
The orc attacks as it pursues you! The orc barely misses you.
Things that are here:
a +0 club; a +0 leather armour The orc warrior attacks as it pursues you!
The orc warrior hits you with a +0 dire flail!
* * * LOW HITPOINT WARNING * * *
You see here a scroll labelled FUDWYMMELY.
Okay, then.
As you read the scroll of teleportation, it crumbles to dust.
You feel strangely unstable. The orc hits you with a +0 flail.
* * * LOW HITPOINT WARNING * * *
The orc warrior closely misses you.
The orc warrior hits you with a +0 dire flail!
You die...

#.#
#.##.###.#####...########
#.##.###.# #.#.<.......
..##.....# #...########
####.##### ##### #.# #.#
##.###########
#.......o.>..#
##.#...@o....#
...#.........#
#####.......)$###
#..........)#
#.........#.#
#.........#.#
#........<#..
#.........####
###########


You could see an orc warrior and an orc.

Vanquished Creatures
  2 black bears
  A bullfrog (D:6)
  2 scorpions
  3 bombardier beetles
  A hound (D:5)
  3 iguanas
  3 orc wizards
  4 adders
  4 ufetubi
  A ribbon worm (D:3)
  2 dart slugs
  22 orcs
  5 endoplasms
  4 giant cockroaches
  5 goblins
  9 hobgoblins
  7 kobolds
  A quokka (D:4)
  12 ball pythons
  5 bats
  8 frilled lizards
  5 rats
109 creatures vanquished.

Vanquished Creatures (collateral kills)
  A kobold (D:1)
1 creature vanquished.

Grand Total: 110 creatures vanquished

Notes
Turn   | Place    | Note
-------+----------+-------------------------------------------
     0 | D:1      | sheepcloth the Demonspawn Wanderer began the quest for the
                  | Orb.
     0 | D:1      | sheepcloth set off with the following items: a +0 dagger, a
                  | +0 cloak, a potion of haste, a +0 robe, a scroll of
                  | teleportation; and the following spell memorised: Summon
                  | Small Mammal; and the following spells available to
                  | memorise: Call Imp, Summon Lightning Spire.
     0 | D:1      | Reached XP level 1. HP: 16/16 MP: 2/2
   107 | D:1      | Reached skill level 1 in Short Blades
   145 | D:1      | Gained mutation: Your mind is acute. (Int +4, Str/Dex -1)
                  | [potion of mutation]
   145 | D:1      | Gained mutation: Your magical capacity is low. (-10% MP)
                  | [potion of mutation]
   245 | D:1      | Gained mutation: You have a somewhat thin skeletal
                  | structure. (Dex +2, Stealth+) [demonic ancestry]
   245 | D:1      | Reached XP level 2. HP: 22/22 MP: 0/3
   527 | D:1      | Reached skill level 2 in Short Blades
   566 | D:1      | Learned a level 2 spell: Call Imp
  1086 | D:2      | Reached XP level 3. HP: 27/27 MP: 4/4
  1267 | D:2      | You fall into a shaft and drop 2 floors!
  1267 | D:4      | Found Vyt Goff's Assorted Antiques.
  1563 | D:3      | Found a hazy altar of Hepliaklqana.
  1573 | D:3      | Reached skill level 3 in Short Blades
  1697 | D:3      | Gained mutation: You have a pair of small antennae on your
                  | head. [demonic ancestry]
  1697 | D:3      | Reached XP level 4. HP: 33/33 MP: 4/4
  1861 | D:3      | Reached skill level 4 in Short Blades
  2189 | D:3      | Found Rur Wuotih's Antique Weapon Emporium.
  2323 | D:4      | Gained mutation: You sometimes gain a little power by
                  | taking damage. [demonic ancestry]
  2323 | D:4      | Reached XP level 5. HP: 38/38 MP: 5/5
  2706 | D:4      | Bought a potion of mutation for 232 gold pieces
  2706 | D:4      | Lost mutation: Your mind is acute. (Int +4, Str/Dex -1)
                  | [potion of mutation]
  2706 | D:4      | Lost mutation: Your magical capacity is low. (-10% MP)
                  | [potion of mutation]
  2706 | D:4      | Gained mutation: You have hidden genetic potential. [potion
                  | of mutation]
  2706 | D:4      | Gained mutation: You are covered in fur. (AC +1) [potion of
                  | mutation]
  3168 | D:4      | Reached skill level 5 in Short Blades
  3356 | D:5      | Entered Level 5 of the Dungeon
  3418 | D:5      | Gained mutation: Spells you cast may paralyse adjacent
                  | enemies. [demonic ancestry]
  3418 | D:5      | Reached XP level 6. HP: 34/44 MP: 4/7
  3487 | D:5      | Gained mutation: You have supernaturally acute eyesight.
                  | (SInv) [hidden potential]
  3603 | D:5      | Reached skill level 6 in Short Blades
  3833 | D:5      | Found a staircase to the Ecumenical Temple.
  4399 | D:6      | Reached XP level 7. HP: 50/50 MP: 6/8
  4587 | D:6      | Reached skill level 7 in Short Blades
  4622 | Temple   | Entered the Ecumenical Temple
  4750 | Temple   | Became a worshipper of Warmaster Okawaru
  4789 | D:6      | Gained mutation: You expend magic power (3 MP) to
                  | strengthen your wands. [hidden potential]
  4789 | D:6      | Lost mutation: You have hidden genetic potential. [hidden
                  | potential expressed]
  4914 | D:6      | Mangled by an orc warrior

Illustrated notes

Levels and vault maps discovered:
D:1:      lemuel_arrival_river_bridge, layout_rooms
D:2:      layout_basic
D:3:      layout_basic, nicolae_hepliaklqana_hazy_memory, serial_shops, shop
D:4:      layout_cave_pods, serial_shops, nicolae_stop_n_shop_1
D:5:      layout_basic, minmay_temple_entry_from_below_a
D:6:      layout_loops_ring, grunt_temple_overflow_open
Temple:   nicolae_temple_figure_zero

Skill      XL: |  1  2  3  4  5  6  7 |
---------------+----------------------+-----
Short Blades   | 1 2 3 4 5 6 7 |  7.8
Fighting       | |  2.0
Dodging        | |  1.0
Stealth        | |  3.6
Spellcasting   | |  1.0
Summonings     | |  2.0

Action                     |  1- 3 |  4- 6 |  7- 9 || total
---------------------------+-------+-------+-------++-------
  Melee: Dagger            |   174 |   173 |       ||   347
         Punch             |       |     1 |     2 ||     3
         Rapier            |       |    26 |    48 ||    74
   Cast: Summon Small Mamm |    12 |     3 |       ||    15
    Use: Potion            |     3 |     3 |     1 ||     7
         Scroll            |     2 |     4 |     1 ||     7
   Stab: Sleeping          |    13 |    19 |     1 ||    33
         Distracted        |       |     1 |       ||     1
 Armour: Robe              |    99 |    54 |       ||   153
         Leather armour    |       |    38 |    47 ||    85
  Dodge: Dodged            |   134 |   106 |    22 ||   262
